AoeStats
← NPG Dkastro

Arabia

509763328Analyzed
1v1 RM · 3d ago on Sep 27, 2026· 20m 13s· 2 players
Game mode
Random Map
Map size
Tiny (2 player)
Population
200
Speed
Normal
Resources
Standard
Victory
Conquest
Starting age
Dark Age
Ending age
Imperial Age
RankedLock teamsTeams togetherTeam positionsShared explorationLock speedFull tech treeHidden civsTurbo modeCheats
Victory
Defeat
🇺🇸 Muisca · United States
1815
+17
🇨🇱 Italians · Chile
1840
-17
MooSpecial
6:19 Loom
9:01 Feudal Age
10:31 Champi Runner
14:41 Fletching
15:10 Scale Mail Armor
17:56 Town Watch
19:39 Wheelbarrow
NPG Dkastro
6:44 Loom
8:59 Feudal Age
9:28 Double-Bit Axe
14:36 Double-Bit Axe
15:32 Fletching
Connection lost

Rejoining the realm…

Still unreachable

The connection could not be restored.

Session expired

The server has moved on; the page needs a fresh start.